 Dungeon Crawl Stone Soup version 0.29.1-1-gd02db6906a (webtiles) character file.

Game seed: 18251860465406746975

2662 Zeld the Cleaver (level 9, -1/121 HPs)
             Began as a Minotaur Berserker on Oct 20, 2022.
             Was a Priest of Trog.
             Succumbed to a killer bee's poison
             ... on level 8 of the Dungeon.
             The game lasted 00:06:45 (8992 turns).

Zeld the Cleaver (Minotaur Berserker)               Turns: 8992, Time: 00:06:46

Health: -1/121     AC:  6    Str: 25    XL:     9   Next: 36%
Magic:  8/8        EV: 14    Int:  4    God:    Trog [***...]
Gold:   413        SH:  0    Dex: 11    Spells: 8/8 levels left

rFire   . . .      SeeInvis .   a - +0 war axe
rCold   . . .      Faith    .   (no shield)
rNeg    . . .      Spirit   .   b - +0 animal skin
rPois   .          Reflect  .   (helmet restricted)
rElec   .          Harm     .   p - +1 cloak
rCorr   .          Rampage  .   (no gloves)
Will    .....                   u - +0 pair of boots
Stlth   ..........              (no amulet)
HPRegen 0.30/turn               (no ring)
MPRegen 0.11/turn               (no ring)

@: berserking (expiring), lethally poisoned (-1 -> -13), very quick
A: horns 2, retaliatory headbutt
a: Renounce Religion, Berserk, Trog's Hand


You were on level 8 of the Dungeon.
You worshipped Trog.
Trog was most pleased with you.
You visited 2 branches of the dungeon, and saw 9 of its levels.

You collected 413 gold pieces.

Inventory:

Hand Weapons
 a - a +0 war axe (weapon)
Armour
 b - a +0 animal skin (worn)
 p - a +1 cloak (worn)
 u - a +0 pair of boots (worn)
Wands
 n - a wand of flame (15)
 o - a wand of polymorph (14)
 y - a wand of mindburst (9)
 z - a wand of acid (10)
Scrolls
 d - 2 scrolls of teleportation {unknown}
 f - 2 scrolls of blinking {unknown}
 g - 4 scrolls of enchant weapon {unknown}
 h - 4 scrolls of immolation {unknown}
 k - 3 scrolls of identify {unknown}
 m - 2 scrolls of enchant armour {unknown}
 q - a scroll of silence {unknown}
 r - a scroll of summoning {unknown}
 t - 2 scrolls of fear {unknown}
 v - a scroll of vulnerability {unknown}
 x - a scroll of torment {unknown}
Potions
 c - 2 potions of flight {unknown}
 e - 3 potions of lignification {unknown}
 i - a potion of brilliance {unknown}
 j - 4 potions of mutation {unknown}
 l - 5 potions of curing {unknown}
 s - 2 potions of attraction {unknown}
 w - a potion of degeneration {unknown}
 A - a potion of resistance {unknown}


   Skills:
 + Level 7.8 Fighting
 * Level 10.4 Axes
 + Level 7.2 Armour
 + Level 6.6 Dodging


You had 8 spell levels left.
You didn't know any spells.
Your spell library was empty.

Dungeon Overview and Level Annotations

Branches:
Dungeon (8/15)             Temple (1/1) D:4
   Lair: D:8-11

Altars:
Ashenzari
Cheibriados
Elyvilon
Fedhas
Gozag
Hepliaklqana
Kikubaaqudgha
Makhleb
Nemelex Xobeh
Okawaru
Sif Muna
Trog
Uskayaw
Vehumet
Wu Jian
Xom
Yredelemnul
Zin
The Shining One


Innate Abilities, Weirdness & Mutations

You have a pair of horns on your head.
You reflexively headbutt those who attack you in melee.


Message History

Trog accepts your kill.
You feel sick. The killer bee closely misses you.
The killer bee stings you but does no damage.
The yak gores you but does no damage.
Your Armour skill increases to level 7!
Unknown command.
Unknown command.
You slash the yak!
You kill the yak!
Trog accepts your kill.
You hit the killer bee. You barely miss the yak.
You feel sick. The killer bee barely misses you.
Unknown command.
Unknown command.
You slice the yak!! Your headbutt misses the yak.
The yak is heavily wounded.
You closely miss the killer bee.
You feel sick. The killer bee closely misses you. The yak gores you.
* * * LOW HITPOINT WARNING * * *
A yak comes into view.
Unknown command.
The yak bellows!
You slash the yak! You headbutt the yak!
The yak is almost dead.
You barely miss the killer bee.
You feel sick.
You hear a bellow!
The killer bee stings you but does no damage.
Unknown command.
You barely miss the yak. You headbutt the yak.
You kill the yak!
Trog accepts your kill.
You slash the killer bee!
You feel sick. The killer bee closely misses you. The killer bee stings you!
* * * LOW HITPOINT WARNING * * *
You are more poisoned.
The killer bee poisons you!
You slice the killer bee!!
You kill the killer bee!
Trog accepts your kill.
You die...

.#..##.#..#
..#......####
#.)# ##.....#
#..##..###.#
.##.....###.#
............#####
###.#...........
#
#.#)†)......##..
# #†@.....Y....
#..†......##
#.........#
#.<.......#
#..)...<..#
###########


You could see a yak.

Vanquished Creatures
  2 yaks (D:8)
  A wyvern (D:8)
  A steam dragon (D:7)
  Edmund (D:6)
  A sky beast (D:7)
  An ogre (D:4)
  A black bear (D:5)
  A centaur (D:5)
  A phantom (D:7)
  A kobold brigand (D:7)
  A bullfrog (D:7)
  4 scorpions
  5 killer bees (D:8)
  8 orc priests
  2 hounds
  A jelly (D:6)
  Crazy Yiuf (D:3)
  2 gnoll boudas
  Jessica (D:3)
  An iguana (D:5)
  Ijyb (D:3)
  Terence (D:3)
  9 orc wizards
  11 gnolls
  7 adders
  A shadow imp (D:7)
  2 white imps
  An ufetubus (D:6)
  A worm (D:4)
  2 dart slugs
  24 orcs
  12 ball pythons
  3 bats
  7 endoplasms
  3 giant cockroaches
  5 goblins
  6 hobgoblins
  5 kobolds
  2 quokkas
  3 frilled lizards
  2 rats
145 creatures vanquished.

Notes
Turn   | Place    | Note
-------+----------+-------------------------------------------
     0 | D:1      | Zeld the Minotaur Berserker began the quest for the Orb.
     0 | D:1      | Reached XP level 1. HP: 19/19 MP: 0/0
    31 | D:1      | Found a faded altar of an unknown god.
   500 | D:1      | Reached XP level 2. HP: 24/27 MP: 1/1
   591 | D:1      | Reached skill level 4 in Axes
  1260 | D:2      | Reached XP level 3. HP: 33/33 MP: 2/2
  1284 | D:2      | Reached ** piety under Trog
  1561 | D:3      | Noticed Terence
  1566 | D:3      | Killed Terence
  1567 | D:3      | Reached XP level 4. HP: 35/40 MP: 3/3
  1622 | D:3      | Noticed Ijyb
  1633 | D:3      | Killed Ijyb
  1634 | D:3      | Reached skill level 5 in Axes
  1803 | D:3      | Found a runed translucent door.
  1804 | D:3      | Noticed Crazy Yiuf
  2018 | D:3      | Found a faded altar of an unknown god.
  2022 | D:3      | Found a shimmering altar of Xom.
  2074 | D:3      | Noticed Jessica
  2080 | D:3      | Killed Jessica
  2081 | D:3      | Reached XP level 5. HP: 40/47 MP: 4/4
  2289 | D:3      | Found a snail-covered altar of Cheibriados.
  2361 | D:3      | Killed Crazy Yiuf
  2553 | D:4      | Noticed an ogre
  2558 | D:4      | Killed an ogre
  2600 | D:4      | Reached XP level 6. HP: 55/55 MP: 5/5
  2964 | D:4      | Reached skill level 6 in Axes
  3209 | D:4      | Found an iron altar of Okawaru.
  3378 | D:4      | Found a staircase to the Ecumenical Temple.
  3656 | Temple   | Entered the Ecumenical Temple
  3756 | D:5      | Entered Level 5 of the Dungeon
  3768 | D:5      | Reached skill level 5 in Fighting
  4619 | D:5      | Reached XP level 7. HP: 61/61 MP: 6/6
  4630 | D:5      | Found a bloodstained altar of Trog.
  4886 | D:5      | Reached skill level 7 in Axes
  5204 | D:5      | Reached skill level 5 in Armour
  5563 | D:5      | Found a burning altar of Makhleb.
  5650 | D:6      | Reached *** piety under Trog
  5940 | D:6      | Reached skill level 8 in Axes
  5940 | D:6      | Reached skill level 5 in Dodging
  5940 | D:6      | Reached XP level 8. HP: 70/70 MP: 7/7
  6309 | D:6      | Found a sparkling altar of Nemelex Xobeh.
  6394 | D:6      | Noticed Edmund
  6409 | D:6      | Killed Edmund
  7092 | D:7      | Reached skill level 9 in Axes
  8211 | D:7      | Reached XP level 9. HP: 58/79 MP: 8/8
  8984 | D:8      | Reached skill level 10 in Axes
  8991 | D:8      | HP: 1/120 [killer bee (8)]
  8992 | D:8      | Succumbed to a killer bee's poison

Illustrated notes

Levels and vault maps discovered:
D:1:      evilmike_arrival_fibonacci_small, layout_basic,
          basic_ecumenical_altar, minmay_surrounded
D:2:      layout_basic
D:3:      layout_rooms, lemuel_round_altar, nicolae_overflow_ecumenical_swirl,
          uniq_terence, uniq_jessica, uniq_crazy_yiuf_cottage, uniq_ijyb
D:4:      layout_basic, old_standard_altar, temple_statues,
          roderic_roman_lattice
D:5:      layout_loops_ring, mainiacjoe_overflow_alcove_2, trog_book,
          chequers_hall_statues_y, saegor_snake_ambush
D:6:      layout_loops_ring, nemelex_diamond_rough_becter, uniq_edmund
D:7:      layout_layer_cave
D:8:      layout_rooms, mainiacjoe_overflow_surrounded_room
Temple:   cyrus_circular_temple

Skill      XL: |  1  2  3  4  5  6  7  8  9 |
---------------+----------------------------+-----
Axes           | 4 5 6 8 9 10 | 10.4
Fighting       | 4 5 6 7 |  7.8
Armour         | 3 4 5 6 7 |  7.2
Dodging        | 3 4 5 6 |  6.6

Action                   |  1- 3 |  4- 6 |  7- 9 || total
-------------------------+-------+-------+-------++-------
Melee: Hand axe          |    20 |       |       ||    20
       Headbutt          |     8 |    14 |    27 ||    49
       War axe           |    33 |    76 |   174 ||   283
       Punch             |     1 |       |     3 ||     4
Invok: Berserk           |       |     4 |     7 ||    11
       Trog's Hand       |       |       |     1 ||     1
 Stab: Sleeping          |       |     2 |       ||     2
Armor: Animal skin       |     7 |    14 |    72 ||    93
Dodge: Dodged            |    42 |    51 |   129 ||   222
